 Dungeon Crawl Stone Soup version 0.31.0-12-g77e489cdc1 (webtiles) character file.

Game seed: 4789899837015547279

9318 lupinibeans the Cleaver (level 11, -8/102 HPs)
             Began as a Hill Orc Monk on Feb 21, 2024.
             Was a Priest of Trog.
             Mangled by a gargoyle
             ... wielding a +0 mace
              (10 damage)
             ... on level 11 of the Dungeon.
             The game lasted 00:40:25 (11876 turns).

lupinibeans the Cleaver (Hill Orc Monk)            Turns: 11876, Time: 00:40:25

Health: -8/102     AC: 20    Str: 18    XL:     11   Next: 44%
Magic:  0/11       EV:  8    Int:  9    God:    Trog [***...]
Gold:   231        SH:  8    Dex: 23    Spells: 10/10 levels left

rFire   . . .        a - +0 hand axe
rCold   . . .        d - orb {light}
rNeg    . . .        v - +0 plate armour
rPois   +            x - +2 helmet
rElec   .            (no cloak)
rCorr   .            (no gloves)
SInv    .            (no boots)
Will    .....        l - brooch of Shielding {Spirit SH+8} Stlth
                     f - +6 ring of dexterity
HPRegen 0.00/turn    B - ring of poison resistance
MPRegen 0.12/turn

%: guardian spirit
@: brilliant, on berserk cooldown, inhibited regen, hasted and slowed, glowing
A: iridescent scales 1, agile 1, poison resistance, inhibited regeneration
a: Renounce Religion, Berserk, Trog's Hand


You were on level 11 of the Dungeon.
You worshipped Trog.
Trog was most pleased with you.
You visited 1 branch of the dungeon, and saw 11 of its levels.

You collected 511 gold pieces.
You spent 280 gold pieces at shops.

Inventory:

Hand Weapons
 a - a +0 hand axe (weapon)
Missiles
 F - a throwing net
 R - 15 poisoned darts (quivered)
Armour
 b - a +0 robe
 d - an orb of light (worn)
 j - +0 steam dragon scales
 o - a +1 hat
 v - a +0 plate armour (worn)
 x - a +2 helmet (worn)
 G - a +1 ring mail of willpower
 Q - a +0 troll leather armour
Magical Staves
 h - a staff of cold
Jewellery
 f - a +6 ring of dexterity (left hand)
 l - the brooch of Shielding (around neck) {Spirit SH+8}
   (You found it on level 2 of the Dungeon)

   [amulet of guardian spirit]

   Spirit:    It causes incoming damage to be divided between your reserves of
   health and magic.
   SH+8:      It affects your SH (+8).
 B - a ring of poison resistance (right hand)
 N - an amulet of magic regeneration
Wands
 z - a wand of quicksilver (9)
 H - a wand of digging (4)
 O - a wand of charming (3)
 P - a wand of polymorph (4)
 S - a wand of mindburst (10)
Scrolls
 i - 8 scrolls of identify {unknown}
 k - 3 scrolls of blinking {unknown}
 n - a scroll of amnesia {unknown}
 p - 2 scrolls of enchant weapon {unknown}
 s - 4 scrolls of teleportation {unknown}
 t - 3 scrolls of revelation {unknown}
 w - 2 scrolls of summoning {unknown}
 y - a scroll of poison {unknown}
 A - a scroll of enchant armour {unknown}
 C - 2 scrolls of torment {unknown}
 D - 3 scrolls of noise {unknown}
 K - 2 scrolls of fog {unknown}
 L - 2 scrolls of brand weapon {unknown}
Potions
 m - 3 potions of haste
 q - a potion of brilliance
 r - 3 potions of enlightenment {unknown}
 E - a potion of degeneration {unknown}
 I - a potion of resistance {unknown}
 J - a potion of might {unknown}
 M - 2 potions of lignification {unknown}


   Skills:
 + Level 11.4 Fighting
 + Level 14.7 Axes
 + Level 0.4 Throwing
 + Level 10.6 Armour
 + Level 3.8 Dodging


You had 10 spell levels left.
You didn't know any spells.
Your spell library contained the following spells:

 Spells                   Type           Power      Damage    Failure   Level
 Kiss of Death            Conj/Necr      0%         2d5       100%        1
 Blink                    Tloc           0%         N/A       100%        2
 Lesser Beckoning         Tloc           0%         N/A       100%        2
 Momentum Strike          Conj/Tloc      0%         3d8       100%        2
 Confusing Touch          Hex            0%         N/A       100%        3
 Dispel Undead            Necr           0%         3d6       100%        4


Dungeon Overview and Level Annotations

Branches:
Dungeon (11/15)            Temple (0/1) D:5            Lair (0/5) D:10
    Orc (0/2) D:10

Altars:
Cheibriados
Makhleb
Trog
Vehumet
Wu Jian

Shops:
D:5 :   D:6 *   D:7 ?   D:9 *[![


Innate Abilities, Weirdness & Mutations

You are partially covered in iridescent scales. (AC +2)
You are agile. (Dex +4, Str/Int -1)
Your system is resistant to poisons. (rPois)
You do not regenerate when monsters are visible.


Message History

You hit the gargoyle but do no damage.
The gargoyle is lightly damaged.
The gargoyle hits you with a +0 mace!
You hit the gargoyle but do no damage.
The gargoyle is lightly damaged.
The gargoyle hits you with a +0 mace.
You hit the gargoyle but do no damage.
The gargoyle is lightly damaged.
The gargoyle closely misses you.
You hit the gargoyle.
The gargoyle is moderately damaged.
Your skin stops crawling.
You feel less strong-willed. The gargoyle hits you with a +0 mace!
* * * LOW HITPOINT WARNING * * *
You hit the gargoyle but do no damage.
The gargoyle is moderately damaged.
The gargoyle barely misses you.
You feel better. The gargoyle hits you with a +0 mace!
* * * LOW HITPOINT WARNING * * *
You feel better. The gargoyle closely misses you.
The gargoyle hurls a stone arrow at you.
The stone arrow hits you!
* * * LOW HITPOINT WARNING * * *
It was a potion of mutation.
You feel extremely strange.
Iridescent scales grow over part of your body.
Your regeneration stops near monsters.
You feel agile.
You feel resistant to poisons.
The gargoyle hurls a stone arrow at you.
The stone arrow hits you!
* * * LOW HITPOINT WARNING * * *
It was a potion of haste.
You feel yourself speed up.
The boulder beetle leaps!
The gargoyle hits you but does no damage.
The gargoyle hurls a stone arrow at you.
The stone arrow misses you.
The boulder beetle leaps!
The gargoyle hits you with a +0 mace!
* * * LOW HITPOINT WARNING * * *
It was a potion of brilliance.
You feel clever all of a sudden. The gargoyle hits you with a +0 mace!
You die...

#.# #....# #.#
#[...# #.#
#....##### #.#
#......... #.#
#....###### #.#
#./........
#.######....######
#.........9.#
######...@#.....^.
#....#.......
#....#.°.....
#....#.....B.
#....########
.....# ##....#
#....#


You could see a gargoyle.

Vanquished Creatures
  A two-headed ogre (D:9)
  The ghost of middlethird the Magician, a novice VSCj (D:7)
  Maggie (D:9)
  Psyche (D:8)
  A troll (D:9)
  2 hornets
  Sigmund (D:5)
  10 yaks
  2 steam dragons
  Grum (D:8)
  Menkaure (D:7)
  Duvessa (D:4)
  5 water moccasins
  3 ice beasts
  5 orc warriors
  2 sky beasts
  5 black bears
  2 wolves (D:8)
  A centaur (D:5)
  2 phantoms
  3 kobold brigands
  6 bullfrogs
  Blork the orc (D:5)
  3 scorpions
  Dowan (D:4)
  15 killer bees
  6 howler monkeys
  An electric eel (D:9)
  2 hounds (D:5)
  2 orc priests (D:10)
  2 bombardier beetles
  2 jellies
  Crazy Yiuf (D:5)
  A gnoll bouda (D:9)
  2 sleepcaps
  Ijyb (D:3)
  7 iguanas
  9 orc wizards
  3 gnolls (D:9)
  6 adders
  2 shadow imps (D:7)
  A white imp (D:5)
  2 ufetubi (D:7)
  2 dart slugs
  3 ribbon worms
  33 orcs
  4 ball pythons
  7 endoplasms
  3 giant cockroaches
  5 goblins
  10 hobgoblins
  7 jackals
  6 quokkas
  7 bats
  4 frilled lizards
  18 kobolds
  5 rats
241 creatures vanquished.

Notes
Turn   | Place    | Note
-------+----------+-------------------------------------------
     0 | D:1      | lupinibeans the Hill Orc Monk began the quest for the Orb.
     0 | D:1      | Reached XP level 1. HP: 19/19 MP: 1/1
   232 | D:1      | Reached XP level 2. HP: 23/27 MP: 2/2
   447 | D:1      | Reached XP level 3. HP: 18/33 MP: 3/3
  1230 | D:2      | Found the brooch of Shielding {Spirit SH+8}
  1307 | D:2      | Reached skill level 5 in Axes
  1534 | D:2      | Found a faded altar of an unknown god.
  1553 | D:2      | Prayed at the altar of an unknown god.
  1553 | D:2      | Became a worshipper of Trog the Wrathful
  1553 | D:2      | Reached * piety under Trog
  1553 | D:2      | Reached ** piety under Trog
  1599 | D:2      | Reached XP level 4. HP: 38/40 MP: 4/4
  1651 | D:2      | Found a snail-covered altar of Cheibriados.
  1845 | D:2      | Reached *** piety under Trog
  2130 | D:3      | Noticed Ijyb
  2130 | D:3      | You fall into a shaft and drop 2 floors!
  2130 | D:5      | Entered Level 5 of the Dungeon
  2130 | D:5      | Found a snail-covered altar of Cheibriados.
  2182 | D:5      | Reached skill level 6 in Axes
  2197 | D:5      | Reached XP level 5. HP: 38/47 MP: 3/5
  2231 | D:5      | Found an ornate altar of the Wu Jian Council.
  2251 | D:5      | Noticed a phantom
  2268 | D:5      | Killed a phantom
  2269 | D:5      | Reached skill level 5 in Fighting
  2284 | D:5      | Reached skill level 7 in Axes
  2284 | D:5      | Reached XP level 6. HP: 17/56 MP: 1/6
  2658 | D:5      | Noticed Blork the orc
  2666 | D:5      | Killed Blork the orc
  2897 | D:4      | Noticed Dowan
  2900 | D:4      | Noticed Duvessa
  2912 | D:4      | Killed Dowan
  2921 | D:4      | Killed Duvessa
  2922 | D:4      | Reached skill level 8 in Axes
  2922 | D:4      | Reached XP level 7. HP: 62/62 MP: 5/7
  3027 | D:3      | Killed Ijyb
  4017 | D:4      | Reached skill level 1 in Armour
  4170 | D:4      | Noticed a hornet
  4183 | D:4      | Killed a hornet
  4184 | D:4      | Reached skill level 9 in Axes
  4184 | D:4      | Reached XP level 8. HP: 71/71 MP: 5/8
  4672 | D:5      | Found Qousukis's Book Boutique.
  4674 | D:5      | Noticed Sigmund
  4682 | D:5      | Killed Sigmund
  4683 | D:5      | Reached skill level 10 in Axes
  4749 | D:5      | Found a staircase to the Ecumenical Temple.
  5421 | D:5      | Reached skill level 11 in Axes
  5492 | D:5      | Identified the +0 leather armour of a bailey {Str+3 Dex+2}
  5540 | D:5      | Reached XP level 9. HP: 79/79 MP: 9/9
  5816 | D:5      | Found a runed translucent door.
  5817 | D:5      | Noticed Crazy Yiuf
  5829 | D:5      | Killed Crazy Yiuf
  6001 | D:6      | Reached skill level 5 in Armour
  6123 | D:6      | Found Vuijaorph's Assorted Antiques.
  6136 | D:6      | Bought a potion of ambrosia for 176 gold pieces
  6382 | D:6      | Reached skill level 12 in Axes
  6701 | D:7      | Noticed Menkaure
  6716 | D:7      | Killed Menkaure
  7090 | D:7      | Found a large runed translucent door.
  7090 | D:7      | Found a large runed translucent door.
  7093 | D:7      | Noticed middlethird's ghost (novice VSCj)
  7110 | D:7      | Killed middlethird's ghost
  7111 | D:7      | Reached skill level 13 in Axes
  7111 | D:7      | Reached XP level 10. HP: 91/91 MP: 10/10
  7168 | D:7      | Found Luacoesi's Magic Scroll Boutique.
  7467 | D:7      | Found a radiant altar of Vehumet.
  7894 | D:8      | Noticed Grum
  7908 | D:8      | Killed Grum
  8517 | D:8      | Reached skill level 10 in Fighting
  8611 | D:8      | Noticed Psyche
  8625 | D:8      | Killed Psyche
  8834 | D:9      | Noticed Maggie
  8836 | D:9      | Found Ohetujush's Armour Emporium.
  8852 | D:9      | Found Ixkug's Antique Armour Emporium.
  8880 | D:9      | Killed Maggie
  8881 | D:9      | Reached skill level 14 in Axes
  9312 | D:9      | Found Upacice's Distillery.
  9360 | D:9      | Noticed a two-headed ogre
  9376 | D:9      | Killed a two-headed ogre
  9421 | D:9      | Reached XP level 11. HP: 11/101 MP: 2/11
  9423 | D:9      | HP: 5/151 [killer bee (5)]
  9428 | D:9      | HP: 6/151 [poisoned by a killer bee]
  9430 | D:9      | HP: 2/151 [gnoll/+0 spear[a gnoll bouda] (4)]
  9825 | D:9      | Found a burning altar of Makhleb.
 10092 | D:9      | Found Jietulon's Assorted Antiques.
 10109 | D:9      | Bought a potion of curing for 39 gold pieces
 10109 | D:9      | Bought a potion of heal wounds for 65 gold pieces
 10444 | D:10     | Entered Level 10 of the Dungeon
 10497 | D:10     | Reached skill level 10 in Armour
 10499 | D:10     | Found a staircase to the Lair.
 10767 | D:10     | Found a staircase to the Orcish Mines.
 11820 | D:11     | Noticed a boulder beetle
 11872 | D:11     | Gained mutation: You are partially covered in iridescent
                  | scales. (AC +2) [potion of mutation]
 11872 | D:11     | Gained mutation: You do not regenerate when monsters are
                  | visible. [potion of mutation]
 11872 | D:11     | Gained mutation: You are agile. (Dex +4, Str/Int -1)
                  | [potion of mutation]
 11872 | D:11     | Gained mutation: Your system is resistant to poisons.
                  | (rPois) [potion of mutation]
 11875 | D:11     | HP: 2/102 [gargoyle/+0 mace (10)]
 11876 | D:11     | Mangled by a gargoyle

Illustrated notes

Levels and vault maps discovered:
D:1:      dpeg_arrival_round_b, layout_basic
D:2:      layout_basic, hellmonk_ecumenical_altar_slurped_away, basic_altar,
          minmay_misc_feat_hallway, minmay_circled_x
D:3:      layout_basic, uniq_ijyb
D:4:      layout_loops_ring, nrook_loot_triangle, uniq_duvessa
D:5:      layout_basic, mainiacjoe_overflow_catch_the_wave,
          minmay_temple_entry_glassed_door, serial_shops, nicolae_diamond_shop,
          uniq_crazy_yiuf_cottage, uniq_blork_the_orc, uniq_sigmund
D:6:      layout_cave_pools, serial_shops, nicolae_shop_pleasant_corner_grove
D:7:      layout_layer_cave, vehumet_crystals, enter_bailey_6, serial_shops,
          shop, ebering_ghost_disaster_area, minmay_misc_feat_secret_circle,
          minmay_misc_feat_diagonals, minmay_misc_feat_plants, uniq_menkaure
D:8:      layout_rooms, nicolae_nh_ransacked_shop, uniq_psyche, uniq_grum
D:9:      layout_basic, mainiacjoe_overflow_cross_hatched,
          minmay_shop_grid_forest, serial_bayou_crossing, uniq_maggie
D:10:     layout_basic, due_lair_maze_entry_diamond, orc_0_dummy
D:11:     layout_basic

Skill      XL: |  1  2  3  4  5  6  7  8  9 10 11 |
---------------+----------------------------------+-----
Fighting       | 4 5 6 7 9 10 11 | 11.4
Axes           | 5 6 7 8 9 11 13 14 | 14.7
Dodging        | 3 |  3.8
Armour         | 2 4 6 9 10 | 10.6
Throwing       | |  0.4

Action                     |  1- 3 |  4- 6 |  7- 9 | 10-12 || total
---------------------------+-------+-------+-------+-------++-------
  Melee: Hand axe          |   111 |    96 |   361 |   465 ||  1033
  Throw: Dart              |       |       |       |     2 ||     2
 Invoke: Berserk           |       |     5 |     9 |    12 ||    26
         Trog's Hand       |       |     2 |     7 |     6 ||    15
    Use: Potion            |     1 |       |     1 |    14 ||    16
 Armour: Robe              |    70 |    41 |       |       ||   111
         Plate armour      |       |    13 |   300 |   447 ||   760
  Dodge: Dodged            |    67 |    43 |    86 |   155 ||   351
